AoeStats
← Mr. Housed

Pilgrims

509902230Analyzed
2v2 RM · 5d ago on Sep 28, 2026· 44m 19s· 4 players
Game mode
Random Map
Map size
Medium (4 player)
Population
200
Speed
Normal
Resources
Standard
Victory
Conquest
Starting age
Dark Age
Ending age
Imperial Age
RankedLock teamsTeams togetherTeam positionsShared explorationLock speedFull tech treeHidden civsTurbo modeCheats
Victory
Defeat
🇦🇷 Mongols · Argentina
1000
+14
🇺🇸 Italians · United States
982
+14
🇩🇪 Khitans · Germany
948
-14
🇩🇪 Ethiopians · Germany
948
-14
Ccow6
8:38 Loom
11:56 Feudal Age
12:27 Fishing Lines
12:50 Double-Bit Axe
14:13 Gold Mining
15:40 Wheelbarrow
20:25 Castle Age
18:49 Bloodlines
18:48 Scale Barding Armor
19:38 Forging
20:46 Stone Mining
22:09 Chain Barding Armor
21:47 Fletching
21:57 Padded Archer Armor
22:29 Gillnets
22:50 Medium Warships
24:13 Hand Cart
24:45 Leather Archer Armor
24:25 Bodkin Arrow
24:52 Bow Saw
26:18 Elite Skirmisher
30:41 Leather Archer Armor
34:07 Ballistics
33:43 Murder Holes
33:58 Masonry
36:59 Thumb Ring
41:22 Imperial Age
39:39 Town Watch
41:31 Town Patrol
42:38 Ring Archer Armor
43:19 Chemistry
maxibram
8:48 Loom
12:08 Feudal Age
12:28 Man-at-Arms
14:54 Town Watch
23:10 Fletching
26:41 Castle Age
29:52 Castle Age
32:49 Scale Barding Armor
32:56 Forging
33:39 Husbandry
34:48 Bloodlines
Anton Chigurh (NCFOM)
3:45 Loom
13:44 Feudal Age
13:49 Man-at-Arms
20:34 Castle Age
18:41 Double-Bit Axe
18:43 Domestication
24:18 Pikeman
26:06 Bow Saw
29:24 Wheelbarrow
30:46 Stone Mining
30:46 Gold Mining
31:36 Fletching
31:47 Padded Archer Armor
34:16 Bodkin Arrow
34:37 Husbandry
37:13 Hand Cart
37:18 Crossbowman
38:06 Thumb Ring
38:25 Scale Barding Armor
38:34 Heavy Cavalry Archer
45:32 Imperial Age
43:24 Pastoralism
Mr. Housed
11:19 Feudal Age
12:22 Loom
21:46 Castle Age
19:43 Gold Mining
19:42 Double-Bit Axe
20:33 Fletching
23:47 Bodkin Arrow
34:57 Scale Mail Armor
39:02 Padded Archer Armor
38:39 Crossbowman
39:26 Thumb Ring
40:21 Thumb Ring
41:12 Wheelbarrow
Connection lost

Rejoining the realm…

Still unreachable

The connection could not be restored.

Session expired

The server has moved on; the page needs a fresh start.